 Dungeon Sprint DCSS version 0.31-a0-75-g6fe912e8c5 (webtiles) character file.

Game seed: 5299495178856896052

1211 sircluck the Grappler (level 8, -12/92 HPs)
             Began as a Troll Berserker on May 23, 2023.
             Was an Elder of Trog.
             Mangled by Sonja
             ... wielding a +2 dagger of distortion
              (21 damage)
             ... in the Dungeon (Sprint I: "Red Sonja").
             The game lasted 00:01:17 (316 turns).

sircluck the Grappler (Troll Berserker)              Turns: 316, Time: 00:01:18

Health: -12/92     AC:  5    Str: 28    XL:     8   Next: 22%
Magic:  7/7        EV: 12    Int:  3    God:    Trog [****..]
Gold:   409        SH:  0    Dex:  9    Spells: 7/7 levels left

rFire   . .          .
                       - Unarmed
rCold   . . .        (no shield)
rNeg    . . .        i - +1 robe
rPois   .            (helmet restricted)
rElec   .            (no cloak)
rCorr   .            (gloves unavailable)
SInv    .            (boots unavailable)
Will    .....        (no amulet)
Stlth   +            (no ring)
HPRegen 1.15/turn    (no ring)
MPRegen 0.10/turn

%: no teleportation
@: on berserk cooldown, slowed, very slow
A: large, unfitting armour, claws 3, regeneration 1, shaggy fur 1, tough skin 1
a: Renounce Religion, Berserk, Trog's Hand, Brothers in Arms


You were in the Dungeon.
You worshipped Trog.
Trog was greatly pleased with you.
You visited 1 branch You collected 409 gold pieces.

Inventory:

Missiles
 j - 3 large rocks (quivered)
Armour
 a - a +0 animal skin
 i - a +1 robe (worn)
Wands
 h - a wand of iceblast (4)
Scrolls
 g - a scroll of blinking
Potions
 b - 2 potions of curing
 d - a potion of haste
 e - 2 potions of magic
 f - a potion of berserk rage


   Skills:
 + Level 9.1 Fighting
 + Level 8.9 Dodging
 + Level 11.6 Unarmed Combat


You had 7 spell levels left.
You didn't know any spells.
Your spell library was empty.

Dungeon Overview and Level Annotations

Branches:
Dungeon (1/1)

Altars:
Cheibriados
Dithmenos
Elyvilon
Fedhas
Gozag
Hepliaklqana
Kikubaaqudgha
Makhleb
Nemelex Xobeh
Okawaru
Qazlal
Ru
Sif Muna
Trog
Uskayaw
Vehumet
Wu Jian
Xom
Yredelemnul
Zin
The Shining One
Jiyva
Lugonu

Shops:
D *

Annotations:
D Sonja


Innate Abilities, Weirdness & Mutations

You are too large for most types of armour.
You have claws for hands.
Your natural rate of healing is unusually fast.
You are covered in fur. (AC +1)
You have tough skin. (AC +1)


Message History

Sonja closely misses you.
You mangle Sonja!!
Sonja is almost dead.
Sonja casts a spell.
Sonja blinks!
There is a radiant altar of Vehumet, spattered with blood here.
You feel a strong urge to attack something.
Sonja mumbles some strange words.
Sonja blinks!
There is an open door, spattered with blood here.
Sonja mumbles some strange words.
Sonja blinks!
You slam the door shut with a bang!
You feel your anger nearly subside.
You are no longer berserk.
You are exhausted.
You feel yourself slow down.
You feel much better.
Sonja opens the door.
Sonja gestures wildly while chanting.
Sonja blinks!
As you close the door, it creaks loudly!
You start resting.
Sonja, the Graceful Assassin opens the door.
She is wielding a +2 dagger of distortion and quivering curare-tipped darts.
Sonja twirls her cape.
Sonja barely misses you.
Sonja hits you with a +2 dagger of distortion.
Space warps around you. Sonja closely misses you.
Sonja hits you with a +2 dagger of distortion!
Sonja hits you with a +2 dagger of distortion.
Space warps horribly around you!! Sonja misses you.
There is an open door, spattered with blood here.
You miss Sonja.
Sonja is almost dead.
Sonja closely misses you.
Sonja hits you with a +2 dagger of distortion. x2
Space warps horribly around you!!
* * * LOW HITPOINT WARNING * * *
Sonja hits you with a +2 dagger of distortion.
* * * LOW HITPOINT WARNING * * *
Space warps horribly around you!!
You die...

##########################
#<.#..)..#..'..#__#..')..#
#..').#..').#..'..'..#)..#
#..#####'#####'#__####...+
#..####..#...#.#### #####
#..#__####..##.#
#..#_____##'#_.+
#⌠⌠#_.∩...@K.._#
####_..__##_.#'#
#_____###+#.# #######
#.### $.$ $.$ ##.## #+#


You could see Sonja.

Vanquished Creatures
  2 kobold demonologists (D)
  A slime creature (D)
  A yak (D)
  Sigmund (D)
  A floating eye (D)
  An ogre (D)
  A jelly (D)
  Ijyb (D)
9 creatures vanquished.

Notes
Turn   | Place    | Note
-------+----------+-------------------------------------------
     0 | D        | sircluck the Troll Berserker began the quest for the Orb.
     0 | D        | Reached XP level 1. HP: 22/22 MP: 0/0
     1 | D        | Noticed Ijyb
     8 | D        | Killed Ijyb
     9 | D        | Reached skill level 4 in Unarmed Combat
     9 | D        | Reached XP level 2. HP: 15/32 MP: 1/1
    25 | D        | Noticed an ogre
    28 | D        | Killed an ogre
    29 | D        | Reached skill level 5 in Fighting
    29 | D        | Reached skill level 5 in Dodging
    29 | D        | Reached skill level 6 in Unarmed Combat
    29 | D        | Reached XP level 3. HP: 42/42 MP: 2/2
    29 | D        | Reached XP level 4. HP: 50/50 MP: 3/3
    81 | D        | Noticed Sigmund
    83 | D        | Killed Sigmund
    83 | D        | Reached ** piety under Trog
    84 | D        | Reached skill level 7 in Unarmed Combat
    84 | D        | Reached XP level 5. HP: 61/61 MP: 4/4
   113 | D        | Found an ornate altar of the Wu Jian Council.
   113 | D        | Found a shimmering blue altar of Sif Muna.
   115 | D        | Found a radiant altar of Vehumet.
   120 | D        | Reached skill level 8 in Unarmed Combat
   120 | D        | Reached XP level 6. HP: 68/68 MP: 5/5
   129 | D        | Found Ithryoh's Assorted Antiques.
   129 | D        | Found an ancient bone altar of Kikubaaqudgha.
   129 | D        | Found a hazy altar of Hepliaklqana.
   129 | D        | Found a stormy altar of Qazlal.
   129 | D        | Found a hide-covered altar of Uskayaw.
   129 | D        | Found a blossoming altar of Fedhas.
   129 | D        | Found a bloodstained altar of Trog.
   129 | D        | Found an iron altar of Okawaru.
   129 | D        | Found a basalt altar of Yredelemnul.
   129 | D        | Found a glowing golden altar of the Shining One.
   129 | D        | Found a snail-covered altar of Cheibriados.
   129 | D        | Found a sacrificial altar of Ru.
   129 | D        | Found a glowing silver altar of Zin.
   129 | D        | Found a shadowy altar of Dithmenos.
   129 | D        | Found a white marble altar of Elyvilon.
   129 | D        | Noticed a yak
   130 | D        | Found an opulent altar of Gozag.
   137 | D        | Killed a yak
   138 | D        | Reached skill level 9 in Unarmed Combat
   138 | D        | Found a sparkling altar of Nemelex Xobeh.
   177 | D        | Found a burning altar of Makhleb.
   177 | D        | Found a viscous altar of Jiyva.
   177 | D        | Found a shimmering altar of Xom.
   177 | D        | Found a corrupted altar of Lugonu.
   177 | D        | Noticed a slime creature
   185 | D        | Killed a slime creature
   185 | D        | Reached *** piety under Trog
   186 | D        | Reached XP level 7. HP: 24/79 MP: 6/6
   248 | D        | Noticed a kobold demonologist
   248 | D        | Noticed a kobold demonologist
   251 | D        | Reached skill level 10 in Unarmed Combat
   255 | D        | Noticed a neqoxec
   257 | D        | Killed a kobold demonologist
   258 | D        | Reached skill level 11 in Unarmed Combat
   260 | D        | Killed a kobold demonologist
   260 | D        | Reached **** piety under Trog
   261 | D        | Reached XP level 8. HP: 92/92 MP: 7/7
   302 | D        | Noticed Sonja
   316 | D        | Mangled by Sonja

Illustrated notes

Levels and vault maps discovered:
D:        dungeon_sprint_1 [red_sonja_temple_1, red_sonja_temple_small_1]

Skill      XL: |  1  2  3  4  5  6  7 |
---------------+----------------------+-----
Fighting       | 3 5 6 7 9 |  9.1
Dodging        | 3 5 6 7 8 |  8.9
Unarmed Combat | 4 6 7 8 9 11 | 11.6

Action                     |  1- 3 |  4- 6 |  7- 9 || total
---------------------------+-------+-------+-------++-------
  Melee: Unarmed           |     8 |    18 |    14 ||    40
         Punch             |       |     1 |     1 ||     2
 Invoke: Berserk           |     1 |       |     2 ||     3
    Use: Potion            |       |       |     1 ||     1
 Armour: Robe              |       |       |     1 ||     1
  Dodge: Dodged            |       |     5 |    11 ||    16

Table legend: (Time is in decaauts)
 A = Elapsed time spent in this place.
 B = Non-inter-level travel time spent in this place.
 C = Inter-level travel time spent in this place.
 D = Time resting spent in this place.
 E = Time spent auto-exploring this place.
 F = Levels seen in this place.
 G = Mean time per level.
                   A        B        C        D        E       F      G
               +--------+--------+--------+--------+--------+-----+--------+
         Total |    331 |    331 |      0 |    134 |      1 |   1 |  331.0 |
       Dungeon |    331 |    331 |      0 |    134 |      1 |   1 |  331.0 |
               +--------+--------+--------+--------+--------+-----+--------+

Top non-repeatable levels by time:
       D: 331 daAuts
